 Dungeon Crawl Stone Soup version 0.29-a0-892-g2c4c91d9db (webtiles) character file.

Game seed: 14986597312312862023

45242 pokeman the Eclecticist (level 14, -17/80 HPs)
             Began as a Deep Elf Hedge Wizard on July 23, 2022.
             Was an Elder of Vehumet.
             Demolished by a white ugly thing (26 damage)
             ... on level 15 of the Dungeon.
             The game lasted 00:51:46 (17736 turns).

pokeman the Eclecticist (Deep Elf Hedge Wizard)    Turns: 17736, Time: 00:51:46

Health: -17/80     AC:  9    Str:  7    XL:     14   Next: 0%
Magic:  46/49      EV: 11    Int: 25    God:    Vehumet [****..]
Gold:   1142       SH:  8    Dex: 14    Spells: 22/53 levels left

rFire   + + .      SeeInvis .   a - staff of fire
rCold   . . .      Faith    .   m - +3 warlock's mirror {reflect}
rNeg    . . .      Spirit   .   J - +0 troll leather armour
rPois   .          Reflect  +   i - +2 helmet of Untold Secrets {rElec rC+ Regen+}
rElec   +          Harm     .   (no cloak)
rCorr   .          Rampage  .   n - +0 pair of gloves
Will    +....                   (no boots)
Stlth   ++........              b - amulet of regeneration
HPRegen 2.63/turn               L - ring of Summertime {MP+9 Slay+3}
MPRegen 0.31/turn               w - ring of fire

@: no status effects
A: no striking features
a: Renounce Religion


You were on level 15 of the Dungeon.
You worshipped Vehumet.
Vehumet was greatly pleased with you.
You visited 2 branches of the dungeon, and saw 16 of its levels.
You also visited: Bailey and Gauntlet.

You collected 1142 gold pieces.

Inventory:

Hand Weapons
 v - a +1 vorpal shortbow
 x - a +2 dagger of pain
Armour
 i - the +2 helmet of Untold Secrets (worn) {rElec rC+ Regen+}
   (You found it in a Gauntlet)

   rC:        It protects you from cold.
   rElec:     It insulates you from electricity.
   Regen:     It increases your rate of health regeneration.
 m - the +3 warlock's mirror (worn) {reflect}
   (You found it on level 13 of the Dungeon)

   It can block and reflect piercing ranged attacks and magical attacks against
   the wielder's willpower.
 n - a +0 pair of gloves (worn)
 J - a +0 troll leather armour (worn)
 P - a +2 helmet of see invisible
 R - a +1 ring mail of cold resistance
Magical Staves
 a - a staff of fire (weapon)
 B - a staff of earth
Jewellery
 b - an amulet of regeneration (around neck)
 c - a ring of protection from cold
 w - a ring of fire (right hand)
 L - the ring of Summertime (left hand) {MP+9 Slay+3}
   (You took it off a gnoll on level 7 of the Dungeon)

   [ring of magical power]

   Slay:      It affects your accuracy & damage with ranged weapons and melee
   (+3).
   MP:        It affects your magic capacity (+9).
 M - a ring of poison resistance
Wands
 j - a wand of mindburst (16)
 q - a wand of charming (38)
 H - a wand of light (9)
 W - a wand of iceblast (5)
Scrolls
 f - 2 scrolls of magic mapping
 g - 3 scrolls of poison
 l - 2 scrolls of enchant weapon
 o - 4 scrolls of teleportation
 p - 5 scrolls of summoning
 t - 2 scrolls of brand weapon
 u - 4 scrolls of fear
 y - 4 scrolls of fog
 G - 3 scrolls of immolation
 I - a scroll of blinking
 Q - 2 scrolls of silence
Potions
 d - 3 potions of magic
 e - 8 potions of lignification
 k - 2 potions of haste
 r - 8 potions of heal wounds
 s - a potion of cancellation
 z - 8 potions of curing
 A - 2 potions of flight
 C - a potion of berserk rage
 E - 7 potions of mutation
 F - a potion of brilliance
 N - a potion of experience
 O - 5 potions of invisibility
 U - 2 potions of ambrosia
Miscellaneous
 h - a phantom mirror
 T - a phial of floods
 V - a condenser vane


   Skills:
 - Level 6.2 Fighting
 - Level 5.3 Armour
 - Level 3.0 Dodging
 - Level 3.0 Stealth
 + Level 3.7 Shields
 * Level 20.1 Spellcasting
 + Level 12.2 Conjurations
 - Level 1.1 Summonings
 - Level 1.1 Translocations
 - Level 1.0 Transmutations
 + Level 11.5 Fire Magic
 - Level 2.0 Air Magic
 - Level 1.0 Earth Magic
 - Level 1.0 Poison Magic
 - Level 1.0 Evocations


You had 22 spell levels left.
You knew the following spells:

 Your Spells              Type           Power      Damage    Failure   Level
a - Magic Dart            Conj           100%       1d8       0%          1
b - Mephitic Cloud        Conj/Pois/Air  50%        N/A       1%          3
c - Call Imp              Summ           30%        N/A       3%          2
d - Blink                 Tloc           60%        N/A       3%          2
e - Conjure Flame         Conj/Fire      100%       6-21      1%          3
f - Foxfire               Conj/Fire      100%       2x1d9     1%          1
g - Fireball              Conj/Fire      56%        3d22      1%          5
h - Stone Arrow           Conj/Erth      100%       3d13      1%          3
i - Swiftness             Air            35%        N/A       4%          3
j - Shock                 Conj/Air       100%       1d9       1%          1
k - Apportation           Tloc           60%        N/A       1%          1
l - Wereblood             Tmut           30%        N/A       3%          2
m - Flame Wave            Conj/Fire      100%       2d17      1%          4

Your spell library contained the following spells:

 Spells                   Type           Power      Damage    Failure   Level
 Inner Flame              Hex/Fire       88%        N/A       1%          3
 Fulminant Prism          Conj/Hex       26%        3d14      1%          4
 Irradiate                Conj/Tmut      27%        3d20      1%          5
 Beastly Appendage        Tmut           60%        N/A       2%          1
 Slow                     Hex            100%       N/A       3%          1
 Sublimation of Blood     Necr           25%        N/A       4%          2
 Airstrike                Air            17%        0-6+      4%          4
 Spider Form              Tmut/Pois      30%        N/A       6%          3
 Portal Projectile        Hex/Tloc       54%        N/A       8%          3
 Tukima's Dance           Hex            25%        N/A       10%         3
 Yara's Violent Unravell  Hex/Tmut       13%        3d7       19%         5
 Petrify                  Tmut/Erth      30%        N/A       22%         4
 Summon Ice Beast         Ice/Summ       27%        N/A       26%         4
 Alistair's Intoxication  Tmut/Pois      20%        N/A       52%         5
 Blade Hands              Tmut           15%        N/A       52%         5
 Summon Mana Viper        Hex/Summ       27%        N/A       58%         5
 Dragon Form              Tmut           15%        N/A       100%        7
 Enfeeble                 Hex            12%        N/A       100%        7
 Monstrous Menagerie      Summ           15%        N/A       100%        7


Dungeon Overview and Level Annotations

Branches:
Dungeon (15/15)            Temple (1/1) D:4            Lair (0/5) D:9
    Orc (0/2) D:11         Vaults (0/5) D:13         Depths (0/4) D:15
 Bailey (visited)         Gauntlet (visited)

Altars:
Ashenzari
Cheibriados
Dithmenos
Elyvilon
Fedhas
Gozag
Hepliaklqana
Kikubaaqudgha
Makhleb
Nemelex Xobeh
Okawaru
Qazlal
Ru
Sif Muna
Trog
Uskayaw
Vehumet
Wu Jian
Xom
Yredelemnul
Zin
The Shining One

Shops:
D:13 (   D:14 (:([

Portals:
Trove: D:11 (give horn of Geryon)


Message History

H - a wand of light (9) (gained 5 charges)
You pick up a book of Transfigurations and begin reading...
You add the spell Dragon Form to your library.
j - a wand of mindburst (6);
y - 4 scrolls of fog (gained 1)
w - a ring of fire
j - a wand of mindburst (16) (gained 10 charges)
There is a gate leading back out of this place here.
Items here: ( ) [ |.
Unknown command.
Unknown command.
x - a +2 dagger of pain;
B - a staff of earth Unknown command.
You're wearing all the rings you can.
Remove which one? (? for menu, Esc to cancel) < or
L - the ring of Summertime {MP+9 Slay+3} > or
M - a ring of poison resistance You remove your ring of poison resistance.
You feel more attuned to fire.
w - a ring of fire (right hand) Welcome back to the Dungeon!
The white ugly thing claws you! The white ugly thing freezes you!!
There is an empty arch of ancient stone here.
Casting: Fireball (mildly dangerous; 1% risk of failure)
Confirm with . or Enter, or press ? or * to list all spells.
You blink.
Unknown command.
Casting: Blink (safe; 3% risk of failure)
Confirm with . or Enter, or press ? or * to list all spells.
A shadowy apparition takes form in the air.
You block the white ugly thing's attack.
The white ugly thing attacks as you move away!
The white ugly thing claws you! The white ugly thing freezes you!!
* * * LOW HITPOINT WARNING * * *
You feel stable enough to blink again.
Unknown command.
The white ugly thing attacks as you move away!
The white ugly thing claws you.
* * * LOW HITPOINT WARNING * * *
The white ugly thing freezes you!!
You die...

#.....# *,* #..##*
#.....# #.###...##
#.....# #.....(...
#.....# #####.#..#
#######∩#### #u##.#
#...÷÷.....# #.##..
#.####.###.#######.###.
#.# #u............# #.
#.# #@5##.######### ##
#.# #..##.# ******** #
#.# #..##.#**,,,...###
#.# #..##.#*,,,,......
#.# #..##.#*,,,,...###
#.# #..#...*,*,,,,,,,,
#.#**####...*,*,*******
*,,,,,,,,,,,*,*,*
*************,,*,*,*


You could see a white ugly thing (ally target) and a friendly shadow imp
(summoned).

Vanquished Creatures
  An orc warlord (Bailey)
  A minotaur (Gauntlet)
  4 vault guards (D:13)
  Erolcha (D:12)
  4 centaur warriors
  A boulder beetle (D:14)
  Erica (D:11)
  Urug (D:13)
  5 two-headed ogres
  2 skeletal warriors
  Pikel (D:6)
  8 wizards (D:13)
  3 deep elf pyromancers
  4 cyclopes
  3 manticores
  7 ugly things
  4 elephants (Gauntlet)
  Joseph (D:8)
  2 unseen horrors
  A torpor snail (Gauntlet)
  6 kobold demonologists
  An efreet (D:13)
  2 guardian mummies (D:11)
  2 komodo dragons
  4 trolls
  A tyrant leech (Gauntlet)
  3 meliai (D:14)
  A hornet (D:10)
  16 slime creatures
  Sigmund (D:6)
  7 shadows
  4 wraiths
  A wyvern (D:9)
  16 yaks
  3 steam dragons (D:8)
  Edmund (D:6)
  5 vampire mosquitoes
  4 swamp worms (Gauntlet)
  2 water moccasins (D:6)
  14 orc warriors
  3 ice beasts
  11 centaurs
  3 ogres
  2 lemures (D:6)
  2 bullfrogs
  2 kobold brigands
  A necrophage (D:6)
  2 gnoll sergeants
  2 scorpions
  5 wights (D:8)
  11 killer bees
  5 howler monkeys
  A crimson imp (D:5)
  A lava snake (D:14)
  6 orc priests
  A hound (D:5)
  11 jellies
  3 iguanas
  13 orc wizards
  24 gnolls
  10 adders
  A white imp (D:5)
  An ufetubus (D:5)
  A worm (D:2)
  4 dart slugs
  52 orcs
  4 ball pythons
  5 bats
  12 endoplasms
  3 giant cockroaches
  9 goblins
  22 hobgoblins
  8 jackals
  3 quokkas
  3 frilled lizards
  20 kobolds
  6 rats
422 creatures vanquished.

Vanquished Creatures (collateral kills)
  An endoplasm (D:4)
  3 foxfires
4 creatures vanquished.

Vanquished Creatures (others)
  14 demonic plants (Gauntlet)
  840 foxfires
  6 fungi
  17 plants (Gauntlet)
  9 toadstools (D:4)
886 creatures vanquished.

Grand Total: 1312 creatures vanquished

Notes
Turn   | Place    | Note
-------+----------+-------------------------------------------
     0 | D:1      | pokeman the Deep Elf Hedge Wizard began the quest for the
                  | Orb.
     0 | D:1      | Reached XP level 1. HP: 10/10 MP: 7/7
   199 | D:1      | Reached XP level 2. HP: 14/15 MP: 1/9
   697 | D:1      | Reached skill level 5 in Spellcasting
   819 | D:1      | Reached XP level 3. HP: 9/20 MP: 2/11
   827 | D:1      | Learned a level 3 spell: Mephitic Cloud
   830 | D:1      | Learned a level 2 spell: Call Imp
   833 | D:1      | Learned a level 2 spell: Blink
   837 | D:1      | Learned a level 3 spell: Conjure Flame
  1535 | D:2      | Reached skill level 1 in Fighting
  1535 | D:2      | Reached skill level 1 in Armour
  1539 | D:2      | Found a bloodstained altar of Trog.
  1925 | D:2      | Reached XP level 4. HP: 25/25 MP: 10/13
  2464 | D:3      | Found a glowing silver altar of Zin.
  2682 | D:3      | Reached skill level 6 in Spellcasting
  2682 | D:3      | Reached XP level 5. HP: 29/29 MP: 8/15
  2784 | D:3      | Reached skill level 1 in Evocations
  3222 | D:3      | Learned a level 1 spell: Shock
  3226 | D:3      | Learned a level 3 spell: Swiftness
  3311 | D:3      | Reached skill level 1 in Fire Magic
  3557 | D:4      | Found a staircase to the Ecumenical Temple.
  3565 | D:4      | Reached XP level 6. HP: 34/34 MP: 17/17
  3568 | Temple   | Entered the Ecumenical Temple
  3635 | Temple   | Became a worshipper of Vehumet
  3713 | D:4      | Reached skill level 1 in Poison Magic
  3776 | D:4      | Found a glowing golden altar of the Shining One.
  3931 | D:4      | Learned a level 1 spell: Foxfire
  4012 | D:4      | Reached skill level 7 in Spellcasting
  4599 | D:4      | Reached skill level 1 in Air Magic
  4687 | D:5      | Entered Level 5 of the Dungeon
  4820 | D:5      | Reached * piety under Vehumet
  4820 | D:5      | Offered knowledge of Sandblast by Vehumet.
  4886 | D:5      | Reached XP level 7. HP: 31/39 MP: 2/20
  5327 | D:5      | Reached skill level 8 in Spellcasting
  6013 | D:6      | Noticed Sigmund
  6029 | D:6      | Killed Sigmund
  6196 | D:6      | Reached XP level 8. HP: 44/44 MP: 14/22
  6311 | D:6      | Noticed Pikel
  6329 | D:6      | Killed Pikel
  6330 | D:6      | Reached skill level 9 in Spellcasting
  6330 | D:6      | Reached skill level 5 in Conjurations
  6337 | D:6      | Reached skill level 10 in Spellcasting
  6710 | D:6      | Noticed Edmund
  6723 | D:6      | Killed Edmund
  6724 | D:6      | Reached XP level 9. HP: 49/49 MP: 17/25
  7291 | D:6      | Reached skill level 11 in Spellcasting
  7343 | D:7      | Offered knowledge of Scorch by Vehumet.
  7355 | D:7      | Reached ** piety under Vehumet
  7371 | D:7      | Noticed a troll
  7383 | D:7      | Killed a troll
  7465 | D:7      | Identified the ring of Summertime {MP+9 Slay+3}
  7484 | D:7      | Reached skill level 5 in Fire Magic
  7493 | D:7      | Found a flagged portal.
  7502 | Bailey   | Entered a bailey
  7591 | Bailey   | Noticed an orc knight
  7600 | Bailey   | an orc knight changed into a yak
  7661 | Bailey   | Offered knowledge of Poisonous Vapours by Vehumet.
  7665 | Bailey   | Reached skill level 12 in Spellcasting
  7743 | Bailey   | Reached *** piety under Vehumet
  7775 | Bailey   | Learned a level 4 spell: Flame Wave
  7857 | Bailey   | Noticed an orc warlord
  7930 | Bailey   | Reached XP level 10. HP: 56/56 MP: 17/28
  8109 | Bailey   | Offered knowledge of Ignite Poison by Vehumet.
  8110 | Bailey   | Reached skill level 13 in Spellcasting
  8309 | D:7      | Found an ancient bone altar of Kikubaaqudgha.
  8309 | D:7      | Found a blossoming altar of Fedhas.
  8656 | D:8      | Noticed Joseph
  8683 | D:8      | Killed Joseph
  8914 | D:8      | Noticed a two-headed ogre
  8926 | D:8      | Killed a two-headed ogre
  9103 | D:8      | Reached **** piety under Vehumet
  9133 | D:8      | Reached skill level 14 in Spellcasting
  9451 | D:9      | Offered knowledge of Stone Arrow by Vehumet.
  9759 | D:9      | Found a staircase to the Lair.
 10110 | D:9      | Reached XP level 11. HP: 57/61 MP: 31/31
 10534 | D:10     | Entered Level 10 of the Dungeon
 10893 | D:10     | Found a broken altar of Ashenzari.
 11078 | D:10     | Reached skill level 15 in Spellcasting
 11159 | D:10     | Found a shadowy altar of Dithmenos.
 11246 | D:10     | Noticed a two-headed ogre
 11277 | D:10     | Killed a two-headed ogre
 11278 | D:10     | Reached skill level 5 in Armour
 11494 | D:10     | Learned a level 3 spell: Stone Arrow
 11525 | D:11     | Learned a level 1 spell: Apportation
 11541 | D:11     | Noticed a two-headed ogre
 11555 | D:11     | Killed a two-headed ogre
 11557 | D:11     | Reached ***** piety under Vehumet
 11558 | D:11     | Reached skill level 1 in Earth Magic
 11699 | D:11     | Noticed Erica
 11700 | D:11     | Offered knowledge of Sticky Flame by Vehumet.
 11700 | D:11     | Noticed a two-headed ogre
 11724 | D:11     | Killed Erica
 11725 | D:11     | Reached skill level 16 in Spellcasting
 11732 | D:11     | Killed a two-headed ogre
 11952 | D:11     | Found a staircase to the Orcish Mines.
 12191 | D:11     | Reached XP level 12. HP: 68/68 MP: 34/34
 12315 | D:11     | Reached skill level 5 in Fighting
 12520 | D:11     | Found a portal to a secret trove of treasure.
 12869 | D:12     | Reached skill level 10 in Conjurations
 13116 | D:12     | Noticed a two-headed ogre
 13130 | D:12     | Killed a two-headed ogre
 13133 | D:12     | Reached skill level 17 in Spellcasting
 13355 | D:12     | Noticed Erolcha
 13360 | D:12     | Killed Erolcha
 13670 | D:13     | Noticed a centaur warrior
 13679 | D:13     | Killed a centaur warrior
 13683 | D:13     | Noticed Urug
 13695 | D:13     | Killed Urug
 14163 | D:13     | Reached skill level 18 in Spellcasting
 14163 | D:13     | Reached skill level 10 in Fire Magic
 14217 | D:13     | Learned a level 2 spell: Wereblood
 14295 | D:13     | Reached skill level 1 in Transmutations
 14401 | D:13     | Reached XP level 13. HP: 64/74 MP: 35/37
 14643 | D:13     | Found Piases's Antique Weapon Boutique.
 14770 | D:13     | Found the +3 warlock's mirror {reflect}
 14973 | D:13     | Offered knowledge of Fireball by Vehumet.
 14980 | D:13     | Learned a level 5 spell: Fireball
 15041 | D:13     | Reached skill level 1 in Shields
 15269 | D:13     | Reached skill level 19 in Spellcasting
 15305 | D:13     | Found a gate to the Vaults.
 15551 | D:14     | Found Loteeqoff's Book Shoppe.
 15614 | D:14     | Found Alet Jamea's Weapon Shoppe.
 15868 | D:14     | Found Qevasche's Antique Weapon Boutique.
 16407 | D:14     | Found Qebas's Armour Shop.
 16479 | D:14     | Got the Directory of Spellbinding
 16804 | D:15     | Entered Level 15 of the Dungeon
 16912 | D:15     | Found a gate leading to a gauntlet.
 16947 | Gauntlet | Entered a Gauntlet
 16947 | Gauntlet | Found a transporter.
 17098 | Gauntlet | Found a transporter.
 17113 | Gauntlet | Found a transporter.
 17118 | Gauntlet | Found a transporter.
 17137 | Gauntlet | Found a transporter.
 17149 | Gauntlet | Noticed a blizzard demon
 17152 | Gauntlet | Found a transporter.
 17164 | Gauntlet | Found a transporter.
 17169 | Gauntlet | Found a transporter.
 17184 | Gauntlet | Found a transporter.
 17192 | Gauntlet | Found a large runed translucent door.
 17193 | Gauntlet | Found a large runed translucent door.
 17194 | Gauntlet | Found a large runed translucent door.
 17194 | Gauntlet | Found a large runed translucent door.
 17195 | Gauntlet | Found a runed translucent gate.
 17196 | Gauntlet | Found a transporter.
 17196 | Gauntlet | Found a runed translucent gate.
 17197 | Gauntlet | Found a runed translucent gate.
 17197 | Gauntlet | Found a large runed translucent door.
 17197 | Gauntlet | Found a large runed translucent door.
 17197 | Gauntlet | Found a runed translucent door.
 17197 | Gauntlet | Found a runed translucent door.
 17198 | Gauntlet | Found a large runed translucent door.
 17199 | Gauntlet | Found a large runed translucent door.
 17201 | Gauntlet | Found a transporter.
 17201 | Gauntlet | Found a transporter.
 17203 | Gauntlet | Found a transporter.
 17212 | Gauntlet | Found a large runed translucent door.
 17212 | Gauntlet | Found a large runed translucent door.
 17213 | Gauntlet | Found a large runed translucent door.
 17214 | Gauntlet | Found a large runed translucent door.
 17221 | Gauntlet | Noticed a cacodemon
 17222 | Gauntlet | Found a transporter.
 17224 | Gauntlet | Found a large runed translucent door.
 17224 | Gauntlet | Found a large runed translucent door.
 17225 | Gauntlet | Found a large runed translucent door.
 17226 | Gauntlet | Found a large runed translucent door.
 17252 | Gauntlet | Found a transporter.
 17270 | Gauntlet | Found a transporter.
 17302 | Gauntlet | Found a transporter.
 17308 | Gauntlet | Found a transporter.
 17381 | Gauntlet | Reached skill level 20 in Spellcasting
 17541 | Gauntlet | Identified the +2 helmet of Untold Secrets {rElec rC+
                  | Regen+}
 17579 | Gauntlet | Noticed a minotaur
 17600 | Gauntlet | Killed a minotaur
 17601 | Gauntlet | Reached XP level 14. HP: 80/80 MP: 34/40
 17736 | D:15     | Demolished by a white ugly thing

Illustrated notes

Levels and vault maps discovered:
D:1:      noname_arrival_rooms_in_the_neighbourhood, layout_loops_ring
D:2:      minmay_chambers_of_ones, layout_rooms, basic_altar
D:3:      layout_loops_cross, mainiacjoe_overflow_alcove_1
D:4:      cheibrodos_fertilizer, layout_basic, tso_metal_star,
          minmay_temple_entry_stoned_glass, nicolae_underground_beach
D:5:      layout_cave_pods, minmay_stone_trees_small, minmay_fire_ice_demons
D:6:      layout_basic, minmay_tree_intersection, uniq_pikel, uniq_edmund,
          uniq_sigmund
D:7:      layout_rooms, grunt_temple_overflow_growth_and_decay, enter_bailey_2
D:8:      layout_basic, uniq_joseph
D:9:      layout_gridville, lair_entry_dummy
D:10:     layout_roguey, mainiacjoe_overflow_24_doors, lemuel_round_altar
D:11:     layout_roguey, orc_david_3, nicolae_trove_entry_path_of_doom,
          kennysheep_generic_room_13, uniq_erica
D:12:     layout_basic, uniq_erolcha
D:13:     minmay_smoke_and_mirrors, layout_rooms,
          lightli_vaults_fourway_checkpoint, serial_shops, shop, uniq_urug
D:14:     layout_grid_maze, serial_shops, nicolae_inconvenience_store,
          nicolae_shop_overgrown_old_shop, nicolae_shop_bloodbath_and_beyond,
          nicolae_square_shop, nicolae_figureground_sparkle, st_stairs_2,
          minmay_sticks_and_stones
D:15:     hangedman_depths_entry_try_elsewhere_first, layout_basic,
          nicolae_vehumet_altar_sigil, gauntlet_entry_generic,
          hangedman_parallel_progression
Temple:   compressed_dpeg_triangle_lava_temple

Skill      XL: |  1  2  3  4  5  6  7  8  9 10 11 12 13 |
---------------+----------------------------------------+-----
Spellcasting   | 5 6 7 8 10 12 14 16 18 20 | 20.1
Fighting       | 1 2 4 6 |  6.2
Armour         | 1 2 3 4 5 |  5.3
Conjurations   | 2 3 4 5 7 8 9 11 12 | 12.2
Stealth        | 3 |  3.0
Dodging        | 3 |  3.0
Evocations     | 1 |  1.0
Fire Magic     | 1 2 4 6 7 8 10 11 | 11.5
Poison Magic   | 1 |  1.0
Air Magic      | 1 2 |  2.0
Earth Magic    | 1 |  1.0
Transmutations | 1 |  1.0
Shields        | 3 |  3.7
Summonings     | |  1.1
Translocations | |  1.1

Action                   |  1- 3 |  4- 6 |  7- 9 | 10-12 | 13-15 || total
-------------------------+-------+-------+-------+-------+-------++-------
Melee: Dagger            |    12 |     5 |       |       |       ||    17
       Hand axe          |       |    56 |    51 |    10 |       ||   117
       Punch             |       |       |     3 |       |       ||     3
       Staff             |       |       |       |    32 |     3 ||    35
 Fire: Shortbow          |       |       |       |    26 |       ||    26
 Cast: Magic Dart        |    94 |    75 |    15 |     1 |       ||   185
       Mephitic Cloud    |       |     7 |    18 |    50 |    11 ||    86
       Conjure Flame     |       |     4 |    18 |    55 |     4 ||    81
       Shock             |       |    38 |       |       |       ||    38
       Call Imp          |       |     2 |     2 |     3 |     3 ||    10
       Foxfire           |       |    30 |   166 |   254 |    17 ||   467
       Blink             |       |       |     1 |     3 |     2 ||     6
       Flame Wave        |       |       |       |    34 |     8 ||    42
       Stone Arrow       |       |       |       |    36 |    10 ||    46
       Fireball          |       |       |       |       |    84 ||    84
Evoke: Wand              |       |       |     2 |       |     2 ||     4
  Use: Scroll            |       |       |       |    23 |     6 ||    29
 Stab: Confused          |       |     3 |     4 |     2 |       ||     9
       Sleeping          |       |     1 |       |       |       ||     1
Armor: Robe              |     5 |       |       |       |       ||     5
       Leather armour    |     2 |    22 |     4 |     1 |       ||    29
       Troll leather arm |       |       |       |    20 |     3 ||    23
Dodge: Dodged            |    25 |    71 |    44 |    82 |     6 ||   228
Block: Buckler           |       |       |       |       |    10 ||    10
       Reflection        |       |       |       |       |     5 ||     5

Table legend: (Time is in decaauts)
 A = Elapsed time spent in this place.
 B = Non-inter-level travel time spent in this place.
 C = Inter-level travel time spent in this place.
 D = Time resting spent in this place.
 E = Time spent auto-exploring this place.
 F = Levels seen in this place.
 G = Mean time per level.
                   A        B        C        D        E       F      G
               +--------+--------+--------+--------+--------+-----+--------+
         Total |  17826 |  17330 |    496 |    616 |  13460 |  18 |  990.3 |
       Dungeon |  16171 |  15688 |    483 |    455 |  12641 |  15 | 1078.1 |
        Temple |     81 |     68 |     13 |      0 |     54 |   1 |   81.0 |
        Bailey |    786 |    786 |      0 |      9 |    480 |   1 |  786.0 |
      Gauntlet |    787 |    787 |      0 |    152 |    285 |   1 |  787.0 |
               +--------+--------+--------+--------+--------+-----+--------+

Top non-repeatable levels by time:
    D:13: 1738 daAuts
    D:14: 1470 daAuts
     D:1: 1326 daAuts
     D:6: 1322 daAuts
    D:11: 1302 daAuts
     D:4: 1264 daAuts
     D:5: 1228 daAuts
     D:3: 1187 daAuts
     D:8: 1062 daAuts
    D:10: 996 daAuts
     D:2: 939 daAuts
    D:12: 862 daAuts
     D:9: 850 daAuts
Gauntlet: 787 daAuts
  Bailey: 786 daAuts
